 Dungeon Crawl Stone Soup version 0.29.1-13-g9f3cf754e1 (webtiles) character file.

Game seed: 11720496338797339751

30793 BeingJoeMalik the Spear-Bearer (level 13, -2/111 HPs)
             Began as a Naga Fighter on Feb 10, 2023.
             Was a High Priest of Hepliaklqana.
             Slain by a meliai zombie (6 damage)
             ... on level 13 of the Dungeon.
             The game lasted 00:44:52 (14434 turns).

BeingJoeMalik the Spear-Bearer (Naga Fighter)      Turns: 14434, Time: 00:44:53

Health: -2/111     AC: 10    Str: 26    XL:     13   Next: 54%
Magic:  13/13      EV: 11    Int:  9    God:    Hepliaklqana [*****.]
Gold:   763        SH: 16    Dex: 20    Spells: 12/12 levels left

rFire   . . .      SeeInvis +   M - +2 trident (vamp)
rCold   . . .      Faith    .   p - +3 kite shield
rNeg    . . .      Spirit   .   D - +0 troll leather armour
rPois   +          Reflect  .   j - +0 helmet "Joeklusch" {rElec Will+}
rElec   +          Harm     .   l - +0 cloak
rCorr   .          Rampage  .   z - +0 pair of gloves
Will    ++...                   (no barding)
Stlth   +++.......              b - amulet of Vitality {RegenMP++ Regen++}
HPRegen 2.68/turn               K - +6 ring of dexterity
MPRegen 0.93/turn               v - +6 ring of strength

@: about to teleport, marked, studying Shields, very slow
A: reduced essence, AC +4, large, see invisible, deformed body, poison
resistance, slowness 2, spit poison 1, naga tail 2
a: Spit Poison, Renounce Religion, Recall Ancestor, Ancestor Identity,
Transference, Idealise


You were on level 13 of the Dungeon.
You worshipped Hepliaklqana.
Hepliaklqana was extremely pleased with you.
You visited 2 branches of the dungeon, and saw 14 of its levels.

You collected 763 gold pieces.

Inventory:

Hand Weapons
 s - a +1 trident of protection
 M - a +2 vampiric trident (weapon)
Missiles
 a - 2 curare-tipped darts
 d - 3 throwing nets
 k - 5 boomerangs of dispersal
 t - 43 poisoned darts (quivered)
Armour
 j - the +0 helmet "Joeklusch" (worn) {rElec Will+}
   (You found it on level 10 of the Dungeon)

   rElec:     It insulates you from electricity.
   Will:      It increases your willpower.
 l - a +0 cloak (worn)
 p - a +3 kite shield (worn)
 x - +0 acid dragon scales
 z - a +0 pair of gloves (worn)
 D - a +0 troll leather armour (worn)
 F - the +5 ring mail of the Monkey {rPois rF+ Int-4}
   (You found it on level 7 of the Dungeon)

   Int:       It affects your intelligence (-4).
   rF:        It protects you from fire.
   rPois:     It protects you from poison.
 H - a +1 robe of positive energy
Magical Staves
 i - a staff of conjuration
Jewellery
 b - the amulet of Vitality (around neck) {RegenMP++ Regen++}
   (You found it on level 7 of the Dungeon)

   [amulet of magic regeneration]

   It increases your rate of magic regeneration.
   Regen:     It increases your rate of health regeneration.
 q - a ring of magical power
 v - a +6 ring of strength (right hand)
 I - the amulet of the Ego {Acrobat Harm rF- rN+++ Will++}
   (You found it on level 9 of the Dungeon)

   [amulet of the acrobat]

   It increases your evasion while moving and waiting.
   rF:        It makes you vulnerable to fire.
   rN:        It renders you almost immune to negative energy.
   Harm:      It increases damage dealt and taken.
   Will:      It greatly increases your willpower.
 K - a +6 ring of dexterity (left hand)
Wands
 u - a wand of paralysis (13)
 y - a wand of roots (8)
 G - a wand of mindburst (17)
Scrolls
 h - 3 scrolls of teleportation
 n - 3 scrolls of amnesia
 r - a scroll of fear
 w - a scroll of enchant weapon
 A - 5 scrolls of identify
 B - 3 scrolls of poison
Potions
 c - a potion of flight
 e - 5 potions of brilliance
 f - 6 potions of attraction
 g - 6 potions of curing
 m - 2 potions of cancellation
 C - a potion of resistance
Miscellaneous
 o - a phantom mirror
 J - a lightning rod (4/4)


   Skills:
 + Level 10.7 Fighting
 - Level 14.7 Polearms
 * Level 3.3 Throwing
 + Level 4.7 Armour
 + Level 4.7 Dodging
 - Level 4.0 Stealth
 + Level 12.5 Shields


You had 12 spell levels left.
You didn't know any spells.
Your spell library contained the following spells:

 Spells                   Type           Power      Damage    Failure   Level
 Freeze                   Ice            0%         1d3       61%         1
 Conjure Flame            Conj/Fire      0%         6-21      93%         3
 Dazzling Flash           Conj/Hex       0%         N/A       93%         3
 Frozen Ramparts          Ice            0%         1d1       93%         3
 Ignite Poison            Fire/Tmut/Pois 0%         N/A       93%         3
 Hailstorm                Conj/Ice       0%         3d3       100%        4
 Ice Form                 Ice/Tmut       0%         N/A       100%        4
 Iskenderun's Mystic Bla  Conj/Tloc      0%         2d3       100%        4
 Passage of Golubria      Tloc           0%         N/A       100%        4
 Sticky Flame             Conj/Fire      0%         2d3       100%        4
 Summon Ice Beast         Ice/Summ       0%         N/A       100%        4
 Iskenderun's Battlesphe  Conj           0%         2d6       100%        5
 Silence                  Hex/Air        0%         N/A       100%        5
 Dispersal                Tloc           0%         N/A       100%        6
 Iron Shot                Conj/Erth      0%         9d1       100%        6
 Simulacrum               Ice/Necr       0%         N/A       100%        6
 Starburst                Conj/Fire      0%         6d3       100%        6
 Spellforged Servitor     Conj/Summ      0%         N/A       100%        7
 Disjunction              Tloc           0%         N/A       100%        8
 Lehudib's Crystal Spear  Conj/Erth      0%         10d2      100%        8


Dungeon Overview and Level Annotations

Branches:
Dungeon (13/15)            Temple (1/1) D:7            Lair (0/5) D:10
    Orc (0/2) D:12
 Vaults: D:13-14

Altars:
Ashenzari
Cheibriados
Dithmenos
Elyvilon
Fedhas
Gozag
Hepliaklqana
Kikubaaqudgha
Makhleb
Nemelex Xobeh
Okawaru
Qazlal
Ru
Sif Muna
Trog
Uskayaw
Vehumet
Wu Jian
Xom
Yredelemnul
Zin
The Shining One

Shops:
D:3 (   D:12 :

Annotations:
D:13 1 runed translucent door, Frances; cdecastro's ghost, journeyman HOFi


Innate Abilities, Weirdness & Mutations

Your life essence is reduced to manifest your ancestor. (-10% HP)
Your serpentine skin is tough. (AC +4)
You have supernaturally acute eyesight. (SInv)
Armour fits poorly on your strangely shaped body.
Your system is resistant to poisons. (rPois)
You cover ground very slowly.
You can spit poison.
You can use your snake-like lower body to constrict enemies.


Message History

You hit the gargoyle but do no damage.
The gargoyle is almost destroyed.
You constrict the gargoyle.
You destroy the gargoyle!
You block the skeletal warrior's attack.
The vampire mumbles some strange words.
The vampire flickers and vanishes for a moment.
A skeletal warrior comes into view. It is wielding a +0 broad axe.
The meliai zombie hits you.
The meliai zombie hits you but does no damage.
The skeletal warrior barely misses you.
Unknown command.
As you read the scroll of teleportation, it crumbles to dust.
You feel strangely unstable.
You block the meliai zombie's attack. x2
You block the wolf spider zombie's attack.
The wolf spider zombie bites you but does no damage.
The skeletal warrior barely misses you.
The skeletal warrior hits you with a +2 short sword of protection!!
The meliai zombie hits you!
* * * LOW HITPOINT WARNING * * *
The meliai zombie hits you but does no damage.
The wolf spider zombie hits you!
* * * LOW HITPOINT WARNING * * *
The wolf spider zombie bites you.
* * * LOW HITPOINT WARNING * * *
Unknown command.
Unknown command.
Unknown command.
You feel much better. The meliai zombie hits you.
* * * LOW HITPOINT WARNING * * *
You block the meliai zombie's attack.
Frances, Duchess of Pandemonium comes into view.
She is wielding a +0 trident.
The skeletal warrior hits you with a +0 scimitar!!
* * * LOW HITPOINT WARNING * * *
The skeletal warrior closely misses you.
The wolf spider zombie completely misses you.
The wolf spider zombie bites you.
* * * LOW HITPOINT WARNING * * *
The meliai zombie hits you.
You die...

.........#.## #.....
...........# #..##.
.#######.### #....~ #.#
#...~~ ### #†# #...~~
... #.# #....~
#.###.###.#### #....~
#.....ZzZZ...######.....
@>z.V.z@ZZ..............
....#.###Z##.######...##
.. .. #.# ..# ##.#.R ...
... .# #.#.# ... .#.# #
#.... .. . .# ###.# . ##
#.# #.# #.#


You could see Frances, 3 skeletal warriors, a vampire (invisible), a wolf spider
zombie, 3 centaur warrior zombies and 2 meliai zombies.

Vanquished Creatures
  Snorg (D:12)
  Harold (D:11)
  A hydra (D:12)
  A boulder beetle (D:13)
  A death knight (D:9)
  3 centaur warriors
  4 two-headed ogres
  A tengu warrior (D:8)
  A skeletal warrior (D:12)
  2 deep trolls (D:7)
  A wolf spider (D:11)
  2 cyclopes
  2 manticores
  3 centaur zombies (D:13)
  2 rust devils (D:6)
  2 gargoyles
  An unseen horror (D:12)
  A komodo dragon (D:10)
  3 trolls
  4 slime creatures
  A vampire (D:13)
  2 wyverns
  A wraith (D:13)
  2 shadows (D:12)
  A basilisk (D:12)
  11 yaks
  3 steam dragons
  3 wargs (D:10)
  2 water moccasins
  An ice beast (D:8)
  2 black bears
  4 orc warriors
  3 ogres
  4 centaurs
  4 kobold brigands
  A phantom (D:7)
  2 bullfrogs
  2 necrophages
  A gnoll sergeant (D:5)
  4 scorpions
  5 howler monkeys
  4 hounds
  A jelly (D:4)
  13 orc priests
  4 iguanas
  9 orc wizards
  Robin (D:4)
  8 gnolls
  10 adders
  An ufetubus (D:4)
  6 worms (D:2)
  3 dart slugs
  36 orcs
  7 ball pythons
  2 bats (D:1)
  6 endoplasms
  4 giant cockroaches
  14 goblins
  6 hobgoblins
  2 jackals (D:2)
  A quokka (D:2)
  A frilled lizard (D:1)
  21 kobolds
  6 rats
262 creatures vanquished.

Vanquished Creatures (collateral kills)
  A boulder beetle (D:8)
  An orc knight (D:9)
  3 cyclopes
  A wolf spider zombie (D:13)
  2 manticores
  2 centaur zombies (D:13)
  A gargoyle (D:12)
  Psyche (D:12)
  A kobold demonologist (D:12)
  A komodo dragon (D:11)
  A tengu conjurer (D:8)
  A troll (D:11)
  A hornet (D:9)
  2 wraiths
  2 yaks (D:11)
  3 vampire mosquitoes (D:12)
  3 acid dragons
  An ice beast (D:7)
  3 orc warriors
  A sky beast (D:7)
  An ogre (D:6)
  A centaur (D:9)
  2 gnoll sergeants
  3 kobold brigands
  A bullfrog (D:9)
  3 wights (D:10)
  A howler monkey (D:11)
  A hound (D:7)
  2 orc priests
  An iguana (D:6)
  An orc wizard (D:8)
  3 gnolls
  12 orcs
  12 kobolds
76 creatures vanquished.

Vanquished Creatures (others)
  11 battlemagi
  6 fungi
  13 plants
30 creatures vanquished.

Grand Total: 368 creatures vanquished

Notes
Turn   | Place    | Note
-------+----------+-------------------------------------------
     0 | D:1      | BeingJoeMalik the Naga Fighter began the quest for the Orb.
     0 | D:1      | Reached XP level 1. HP: 21/21 MP: 1/1
   190 | D:1      | Reached XP level 2. HP: 28/28 MP: 2/2
   357 | D:1      | Reached skill level 3 in Polearms
   922 | D:2      | Reached XP level 3. HP: 34/34 MP: 3/3
  1099 | D:2      | Found an ornate altar of the Wu Jian Council.
  1131 | D:2      | You fall into a shaft and drop 1 floor!
  1151 | D:3      | Found a faded altar of an unknown god.
  1154 | D:3      | Found a hide-covered altar of Uskayaw.
  1461 | D:2      | Reached skill level 4 in Polearms
  1517 | D:2      | Reached XP level 4. HP: 36/42 MP: 4/4
  2037 | D:3      | Found Peiceynn's Antique Weapon Emporium.
  2205 | D:3      | Reached skill level 5 in Polearms
  2207 | D:3      | Reached XP level 5. HP: 49/49 MP: 5/5
  2268 | D:3      | Found a faded altar of an unknown god.
  3098 | D:4      | Found a shimmering blue altar of Sif Muna.
  3406 | D:4      | Reached skill level 6 in Polearms
  3410 | D:4      | Reached XP level 6. HP: 56/56 MP: 6/6
  3647 | D:4      | Noticed Robin
  3661 | D:4      | Killed Robin
  4295 | D:5      | Entered Level 5 of the Dungeon
  4315 | D:4      | Reached skill level 7 in Polearms
  4315 | D:4      | Reached XP level 7. HP: 28/62 MP: 7/7
  4985 | D:5      | Found a shadowy altar of Dithmenos.
  4985 | D:5      | Found a hazy altar of Hepliaklqana.
  4985 | D:5      | Found a broken altar of Ashenzari.
  4988 | D:5      | Reached skill level 8 in Polearms
  5171 | D:4      | Reached XP level 8. HP: 36/69 MP: 8/8
  5936 | D:4      | Reached skill level 9 in Polearms
  6292 | D:5      | Became a worshipper of Hepliaklqana the Forgotten
  6487 | D:5      | Found a sparkling altar of Nemelex Xobeh.
  6523 | D:5      | Found a shimmering altar of Xom.
  6687 | D:5      | Found a stormy altar of Qazlal.
  7046 | D:6      | Reached skill level 5 in Shields
  7062 | D:5      | Reached skill level 10 in Polearms
  7066 | D:5      | Reached XP level 9. HP: 20/75 MP: 9/9
  7368 | D:6      | Reached * piety under Hepliaklqana
  7491 | D:5      | Noticed a rust devil
  7491 | D:5      | Noticed a rust devil
  7712 | D:6      | Found a blossoming altar of Fedhas.
  8505 | D:7      | Reached ** piety under Hepliaklqana
  8506 | D:7      | Remembered your ancestor Sextus as a battlemage
  8519 | D:7      | Reached skill level 11 in Polearms
  8551 | D:7      | Found a white marble altar of Elyvilon.
  8602 | D:7      | Noticed a deep troll
  8607 | D:7      | Noticed a deep troll
  8613 | D:7      | Killed a deep troll
  8625 | D:7      | Killed a deep troll
  8626 | D:7      | Reached skill level 12 in Polearms
  8626 | D:7      | Reached XP level 10. HP: 75/76 MP: 10/10
  8661 | D:7      | Found the amulet of Vitality {RegenMP++ Regen++}
  8860 | D:7      | Identified the +5 ring mail of the Monkey {rPois rF+ Int-4}
  8961 | D:7      | Found a staircase to the Ecumenical Temple.
  8962 | D:7      | Noticed a gargoyle
  8975 | D:7      | Killed a gargoyle
  8983 | Temple   | Entered the Ecumenical Temple
  9649 | D:8      | Noticed a centaur warrior
  9660 | D:8      | Killed a centaur warrior
  9661 | D:8      | Reached skill level 13 in Polearms
  9685 | D:8      | Noticed a boulder beetle
  9696 | D:8      | Killed a boulder beetle
  9697 | D:8      | Reached skill level 5 in Fighting
  9708 | D:8      | Identified the +6 great sword of Moral Flaws {drain, +Blink
                  | rF+ Int+3}
  9902 | D:8      | Noticed a two-headed ogre
  9909 | D:8      | Killed a two-headed ogre
  9910 | D:8      | Reached skill level 14 in Polearms
  9910 | D:8      | Reached XP level 11. HP: 49/87 MP: 11/11
  9980 | D:8      | Noticed a two-headed ogre
  9995 | D:8      | Killed a two-headed ogre
 10164 | D:8      | Noticed a two-headed ogre
 10164 | D:8      | Noticed a tengu warrior
 10170 | D:8      | Killed a two-headed ogre
 10561 | D:8      | Killed a tengu warrior
 10725 | D:9      | Reached *** piety under Hepliaklqana
 10843 | D:9      | Identified the amulet of the Ego {Acrobat Harm rF- rN+++
                  | Will++}
 10880 | D:9      | Reached skill level 1 in Dodging
 11063 | D:9      | Noticed a manticore
 11070 | D:9      | Killed a manticore
 11129 | D:9      | Found a bloodstained altar of Trog.
 11209 | D:10     | Entered Level 10 of the Dungeon
 11262 | D:10     | Noticed a cyclops
 11276 | D:10     | Killed a cyclops
 11297 | D:10     | Noticed a centaur warrior
 11297 | D:10     | Noticed an orc knight
 11297 | D:10     | Noticed a death knight
 11341 | D:9      | Killed a death knight
 11342 | D:9      | Reached XP level 12. HP: 76/100 MP: 12/12
 11361 | D:9      | Killed a centaur warrior
 11559 | D:10     | Identified the +0 helmet "Joeklusch" {rElec Will+}
 11580 | D:10     | Found a staircase to the Lair.
 11667 | D:10     | Noticed a centaur warrior
 11676 | D:10     | Killed a centaur warrior
 11768 | D:10     | Identified a scroll of acquirement
 11768 | D:10     | Acquired a manual of Shields
 12102 | D:11     | Noticed a two-headed ogre
 12123 | D:11     | Killed a two-headed ogre
 12139 | D:11     | Reached **** piety under Hepliaklqana
 12154 | D:11     | Reached skill level 1 in Stealth
 12698 | D:11     | Noticed Harold
 12704 | D:11     | Reached skill level 10 in Shields
 12746 | D:11     | Killed Harold
 13310 | D:12     | Noticed a six-headed hydra
 13318 | D:12     | Killed a six-headed hydra
 13422 | D:12     | Found Yradaimu's Book Boutique.
 13464 | D:12     | Reached skill level 10 in Fighting
 13487 | D:12     | Gained mutation: You can use your snake-like lower body to
                  | constrict enemies. [Naga growth]
 13487 | D:12     | Reached XP level 13. HP: 101/110 MP: 13/13
 13552 | D:12     | Reached skill level 1 in Throwing
 13567 | D:12     | Found a staircase to the Orcish Mines.
 13803 | D:12     | Noticed Snorg
 13811 | D:12     | Killed Snorg
 13919 | D:12     | Noticed Psyche
 13925 | D:12     | Killed Psyche
 13926 | D:12     | Reached ***** piety under Hepliaklqana
 14232 | D:13     | Found a runed translucent door.
 14235 | D:13     | Identified the +7 spear of Destruction {vorpal, rCorr}
 14235 | D:13     | Noticed cdecastro's ghost (journeyman HOFi)
 14434 | D:13     | Noticed Frances
 14434 | D:13     | HP: 4/111 [wolf spider zombie (2)]
 14434 | D:13     | Slain by a meliai zombie

Illustrated notes

Levels and vault maps discovered:
D:1:      co_arrival_square_in_a_square_in_a_square, layout_loops_ring,
          chequers_serial_rivers_micro_a
D:2:      layout_loops_cross, basic_altar
D:3:      layout_basic, nicolae_overflow_ecumenical_swirl,
          shapermc_ecumenical_altar_mp_urbaneastern, serial_shops, shop,
          minmay_cut_off
D:4:      layout_rooms, kennysheep_orc_sif_temple, uniq_robin
D:5:      cheibrodos_iron_armory, layout_rooms,
          chequers_temple_overflow_statue_of_worship,
          nemelex_diamond_rough_becter, nicolae_qazlal_scattered_showers,
          general_overflow_altar
D:6:      layout_cave_pods, mainiacjoe_overflow_tiny_flanked, fountainhead,
          st_stairs_2, hangedman_decor_clover_reticule
D:7:      layout_cave_pods, mainiacjoe_overflow_small_starburst,
          minmay_temple_entry_statues_fountains,
          hellmonk_guarded_unrand_vitality_bloodlust
D:8:      minmay_tri_box, layout_basic
D:9:      layout_roguey, bloody_trog, kennysheep_generic_room_8
D:10:     minmay_cut_squares, layout_irregular_city, erik_lair_orcish_takeover
D:11:     layout_irregular_city, dk_noncrumbling_3, uniq_harold
D:12:     layout_long_grid, david_orc_5, serial_shops, shop, kennysheep_potato,
          uniq_psyche, uniq_snorg
D:13:     layout_loops_ring, serial_undead, serial_undead_b, serial_undead_f,
          serial_undead_c, serial_undead_c, serial_undead_e, serial_undead_a,
          serial_undead_e, serial_undead_d, ebering_ghost_funeral_grove,
          uniq_frances
Temple:   nicolae_temple_bog_church

Skill      XL: |  1  2  3  4  5  6  7  8  9 10 11 12 13 |
---------------+----------------------------------------+-----
Polearms       | 3 4 5 6 7 8 10 12 14 | 14.7
Shields        | 3 5 6 7 11 12 | 12.5
Fighting       | 4 5 8 10 | 10.7
Dodging        | 2 4 |  4.7
Armour         | 3 4 |  4.7
Stealth        | 4 |  4.0
Throwing       | 3 |  3.3

Action                   |  1- 3 |  4- 6 |  7- 9 | 10-12 | 13-15 || total
-------------------------+-------+-------+-------+-------+-------++-------
Melee: Trident           |    81 |   167 |   226 |   436 |   176 ||  1086
       Constrict         |       |       |       |       |    21 ||    21
Throw: Dart              |       |       |       |    20 |     4 ||    24
Invok: Recall Ancestor   |       |       |     1 |     1 |       ||     2
       Ancestor Life: Ba |       |       |     1 |       |       ||     1
 Abil: Spit Poison       |     9 |    29 |    55 |    40 |     9 ||   142
Evoke: Wand              |       |     1 |     3 |     2 |       ||     6
  Use: Potion            |       |     3 |     1 |     4 |     1 ||     9
       Scroll            |       |       |    13 |    12 |     1 ||    26
 Stab: Paralysed         |       |       |     6 |       |       ||     6
       Distracted        |       |       |     3 |    10 |     3 ||    16
       Sleeping          |       |       |       |       |     1 ||     1
Armor: Scale mail        |    23 |    56 |    66 |       |       ||   145
       Troll leather arm |       |       |       |    53 |    38 ||    91
       Acid dragon scale |       |       |       |     2 |       ||     2
Dodge: Dodged            |    15 |    62 |    45 |    82 |    57 ||   261
Block: Buckler           |    12 |    40 |     5 |       |       ||    57
       Kite shield       |       |       |    82 |   227 |   120 ||   429
